 Dungeon Crawl Stone Soup version 0.30-a0-613-gdd512c7efb (webtiles) character file.

Game seed: 12320741963364517081

1915985 Monkooky the Champion of Chaos (level 24, 196/196 HPs)
             Began as a Demonspawn Artificer on Jan 7, 2023.
             Was the Champion of Makhleb.
             Escaped with the Orb
             ... and 3 runes on Jan 8, 2023!
             The game lasted 03:18:40 (50319 turns).

Monkooky the Champion of Chaos (DsAr)              Turns: 50319, Time: 03:18:40

Health: 196/196    AC: 49    Str: 21      XL:     24   Next: 65%
Magic:  39/39      EV: 23    Int: 21 (24) God:    Makhleb [******]
Gold:   4879       SH: 23    Dex: 33      Spells: 15/23 levels left

rFire   + . .      SeeInvis .    G - +10 double sword "Iprofrau" {freeze, Int+4 Dex+2}
rCold   + + .      Faith    .    C - +2 kite shield {rC+}
rNeg    + + .      Spirit   +    s - +9 storm dragon scales of Relativism {+Blink rElec Will+ Stlth+}
rPois   +          Reflect  .    i - +1 helmet of Nilewnitifi {rC+ Int+5}
rElec   +          Harm     .    o - +4 dragonskin cloak
rCorr   .          Rampage  .    M - +1 pair of gloves "Hulyralu" {Regen+}
Will    ++++.      Clarity  +    (boots unavailable)
Stlth   +                        J - amulet of the Four Winds {rN+ Will+++ Clar}
HPRegen 1.32/turn                b - ring of Dafuech {rF+ rN+ Will- Str+6 Dex+4}
MPRegen 0.52/turn                e - +6 ring of dexterity

@: studying 4 skills
A: hooves 3, slimy green scales 3, icemail 2, magic shield, magic regeneration,
magic link, condensation shield, corrupting presence 1, claws 1, deterioration
1, poison resistance, screaming 1, subdued magic 1
0: Orb of Zot
}: 3/15 runes: serpentine, barnacled, slimy
a: Renounce Religion, Evoke Blink, Minor Destruction, Lesser Servant of Makhleb,
Major Destruction, Greater Servant of Makhleb


You escaped.
You worshipped Makhleb.
Makhleb was exalted by your worship.
You visited 10 branches of the dungeon, and saw 48 of its levels.
You visited the Abyss 1 time.
You also visited: Gauntlet, Ice Cave and Wizlab.

You collected 7508 gold pieces.
You spent 2629 gold pieces at shops.

Inventory:

Hand Weapons
 w - the +11 Singing Sword {sonic wave}
   (You found it on level 3 of the Elven Halls)

   It radiates damaging sonic waves as it strikes, especially in combat
   involving dangerous or numerous foes.
 G - the +10 double sword "Iprofrau" (weapon) {freeze, Int+4 Dex+2}
   (You acquired it on level 3 of the Depths)

   Int:       It affects your intelligence (+4).
   Dex:       It affects your dexterity (+2).
Missiles
 c - a throwing net
Armour
 i - the +1 helmet of Nilewnitifi (worn) {rC+ Int+5}
   (You found it on level 4 of the Shoals)

   Int:       It affects your intelligence (+5).
   rC:        It protects you from cold.
 k - the +4 pair of boots of Dyspraxia {MP+9 Dex+2}
   (You found it in a Gauntlet)

   Dex:       It affects your dexterity (+2).
   MP:        It affects your magic capacity (+9).
 o - the +4 dragonskin cloak (worn)
   (You took it off Tiamat on level 3 of the Realm of Zot)

   It grants the wearer a chance to resist fire, cold, poison, electricity,
   acid, and negative energy.
 s - the +9 storm dragon scales of Relativism (worn) {+Blink rElec Will+ Stlth+}
   (You took it off a minotaur in a Gauntlet)

   rElec:     It insulates you from electricity.
   +Blink:    It lets you blink.
   Will:      It increases your willpower.
   Stlth:     It makes you more stealthy.
 C - a +2 kite shield of cold resistance (worn)
 M - the +1 pair of gloves "Hulyralu" (worn) {Regen+}
   (You acquired it in a wizard's laboratory)

   Regen:     It increases your rate of health regeneration.
Jewellery
 b - the ring of Dafuech (left hand) {rF+ rN+ Will- Str+6 Dex+4}
   (You took it off a rakshasa on level 3 of the Depths)

   [ring of strength]

   Str:       It affects your strength (+6).
   Dex:       It affects your dexterity (+4).
   rF:        It protects you from fire.
   rN:        It protects you from negative energy.
   Will:      It decreases your willpower.
 e - a +6 ring of dexterity (right hand)
 B - a ring of protection from fire
 J - the amulet of the Four Winds (around neck) {rN+ Will+++ Clar}
   (You found it on level 5 of the Pits of Slime)

   [amulet of nothing]

   rN:        It protects you from negative energy.
   Clar:      It protects you against confusion.
   Will:      It greatly increases your willpower.
 K - a ring of see invisible
Wands
 d - a wand of charming (13)
 L - a wand of mindburst (23)
 N - a wand of roots (21)
 S - a wand of digging (1)
 V - a wand of paralysis (35)
 W - a wand of polymorph (5)
 Y - a wand of acid (23)
Scrolls
 h - 8 scrolls of vulnerability
 j - 9 scrolls of fear
 m - 4 scrolls of amnesia
 p - 6 scrolls of summoning
 r - 7 scrolls of blinking
 t - 8 scrolls of fog
 D - 9 scrolls of enchant armour
 F - 19 scrolls of teleportation
 I - 10 scrolls of poison
 O - 3 scrolls of immolation
 P - 4 scrolls of enchant weapon
 Q - a scroll of magic mapping
 Z - 3 scrolls of silence
Potions
 a - 5 potions of mutation
 l - 9 potions of attraction
 q - 5 potions of flight
 u - 17 potions of brilliance
 v - 5 potions of ambrosia
 x - 18 potions of curing
 y - 2 potions of might
 z - 3 potions of berserk rage
 E - 3 potions of haste
 H - 8 potions of resistance
 R - 6 potions of magic
 U - 4 potions of cancellation
Miscellaneous
 f - a phantom mirror
 g - a tin of tremorstones (2/2)
 n - a phial of floods
 T - a condenser vane (inert)
 X - a box of beasts


   Skills:
 * Level 17.6 Fighting
 - Level 16.7 Long Blades
 - Level 10.4 Staves
 + Level 15.3 Armour
 * Level 16.1 Dodging
 - Level 1.0 Stealth
 + Level 15.4 Shields
 - Level 1.4 Ice Magic
 - Level 25.1 Invocations
 - Level 13.5 Evocations


You had 15 spell levels left.
You knew the following spells:

 Your Spells              Type           Power      Damage    Failure   Level
a - Ozocubu's Armour      Ice            4%         N/A       94%         3
b - Swiftness             Air            0%         N/A       99%         3
c - Passwall              Tmut/Erth      0%         N/A       91%         2

Your spell library contained the following spells:

 Spells                   Type           Power      Damage    Failure   Level
 Kiss of Death            Conj/Necr      0%         2d5       80%         1
 Magic Dart               Conj           0%         1d3       80%         1
 Necrotise                Necr           0%         1d4       80%         1
 Sandblast                Erth           0%         2d4       80%         1
 Shock                    Conj/Air       0%         1d3       80%         1
 Summon Small Mammal      Summ           0%         N/A       80%         1
 Ensorcelled Hibernation  Hex/Ice        4%         N/A       85%         2
 Blink                    Tloc           0%         N/A       91%         2
 Call Imp                 Summ           0%         N/A       91%         2
 Cigotuvi's Dreadful Rot  Necr/Pois/Air  0%         N/A       91%         2
 Momentum Strike          Conj/Tloc      0%         3d8       91%         2
 Poisonous Vapours        Pois/Air       0%         N/A       91%         2
 Static Discharge         Conj/Air       0%         2-2/arc   91%         2
 Call Canine Familiar     Summ           0%         N/A       99%         3
 Confusing Touch          Hex            0%         N/A       99%         3
 Dazzling Flash           Conj/Hex       0%         N/A       99%         3
 Gell's Gravitas          Tloc           0%         N/A       99%         3
 Inner Flame              Hex/Fire       0%         N/A       99%         3
 Kindle Blastsparks       Fire/Tloc/Air  0%         2d10      99%         3
 Lesser Beckoning         Tloc           0%         N/A       99%         3
 Mephitic Cloud           Conj/Pois/Air  0%         N/A       99%         3
 Portal Projectile        Hex/Tloc       0%         N/A       99%         3
 Spider Form              Tmut/Pois      0%         N/A       99%         3
 Stone Arrow              Conj/Erth      0%         3d7       99%         3
 Summon Guardian Golem    Hex/Summ       0%         N/A       99%         3
 Teleport Other           Tloc           0%         N/A       99%         3
 Tukima's Dance           Hex            0%         N/A       99%         3
 Vampiric Draining        Necr           0%         2d6       99%         3
 Vhi's Electric Charge    Tloc/Air       0%         N/A       99%         3
 Airstrike                Air            0%         2d(0-16)  100%        4
 Anguish                  Hex/Necr       0%         N/A       100%        4
 Animate Armour           Summ/Erth      0%         N/A       100%        4
 Dispel Undead            Necr           0%         3d6       100%        4
 Flame Wave               Conj/Fire      0%         2d4       100%        4
 Fulminant Prism          Conj/Hex       0%         3d5       100%        4
 Iskenderun's Mystic Bla  Conj/Tloc      0%         2d3       100%        4
 Leda's Liquefaction      Hex/Erth       0%         N/A       100%        4
 Manifold Assault         Tloc           0%         N/A       100%        4
 Petrify                  Tmut/Erth      0%         N/A       100%        4
 Sticky Flame             Conj/Fire      0%         2d3       100%        4
 Agony                    Necr           0%         N/A       100%        5
 Alistair's Intoxication  Tmut/Pois      0%         N/A       100%        5
 Arcjolt                  Conj/Air       0%         1d10      100%        5
 Blade Hands              Tmut           0%         N/A       100%        5
 Borgnjor's Vile Clutch   Necr/Erth      0%         N/A       100%        5
 Irradiate                Conj/Tmut      0%         3d11      100%        5
 Lightning Bolt           Conj/Air       0%         1d11      100%        5
 Metabolic Englaciation   Hex/Ice        1%         N/A       100%        5
 Silence                  Hex/Air        0%         N/A       100%        5
 Summon Forest            Summ/Tloc      0%         N/A       100%        5
 Summon Mana Viper        Hex/Summ       0%         N/A       100%        5
 Conjure Ball Lightning   Conj/Air       0%         3x3d6     100%        6
 Eringya's Noxious Bog    Tmut/Pois      0%         N/A       100%        6
 Simulacrum               Ice/Necr       1%         N/A       100%        6
 Starburst                Conj/Fire      0%         6d3       100%        6
 Statue Form              Tmut/Erth      0%         N/A       100%        6
 Summon Cactus Giant      Summ           0%         N/A       100%        6
 Dragon Form              Tmut           0%         N/A       100%        7
 Malign Gateway           Summ/Tloc      0%         N/A       100%        7
 Monstrous Menagerie      Summ           0%         N/A       100%        7
 Ozocubu's Refrigeration  Ice            2%         4d7       100%        7
 Storm Form               Tmut/Air       0%         N/A       100%        7
 Lehudib's Crystal Spear  Conj/Erth      0%         10d2      100%        8
 Summon Horrible Things   Summ           0%         N/A       100%        8
 Chain Lightning          Conj/Air       0%         N/A       100%        9
 Fire Storm               Conj/Fire      0%         5d1       100%        9
 Shatter                  Erth           0%         3d5*      100%        9


Dungeon Overview and Level Annotations

Branches:
Dungeon (15/15)            Temple (1/1) D:6            Lair (5/5) D:9
 Shoals (4/4) Lair:2        Snake (4/4) Lair:3        Slime (5/5) Lair:5
    Orc (2/2) D:11            Elf (3/3) Orc:2        Vaults (0/5) D:14
 Depths (4/4) D:15            Zot (5/5) Depths:4      IceCv (visited)
 WizLab (visited)         Gauntlet (visited)

Altars:
Ashenzari
Cheibriados
Dithmenos
Fedhas
Gozag
Hepliaklqana
Kikubaaqudgha
Makhleb
Nemelex Xobeh
Okawaru
Qazlal
Ru
Sif Muna
Trog
Uskayaw
Vehumet
Wu Jian
Xom
Yredelemnul
Jiyva

Shops:
D:8 !   Orc:1 =   Orc:2 !*(*(   Elf:3 [   Shoals:3 (   Snake:2 ?   Snake:4 ?[
Depths:3 *

Portals:
Hell: Depths:1 Depths:2 Depths:3 Depths:4
Abyss: Depths:1 Depths:3
Pandemonium: Depths:2 Depths:3
Ziggurat: Depths:3

Annotations:
D:15 Roxanne
Elf:2 3 runed translucent doors
Depths:3 exclusion: downstairs
Depths:4 2 transporters, Plog's ghost, adept DgCj


Innate Abilities, Weirdness & Mutations

You have hooves in place of feet.
You are completely covered in slimy green scales. (AC +4, rPois)
A meltable icy envelope protects you from harm. (AC +8)
When hurt, damage is shared between your health and your magic reserves.
You regenerate magic rapidly.
When low on magic, you restore magic in place of health.
A meltable shield of frost defends you. (SH +4)
Your presence sometimes corrodes those you injure.
You have sharp fingernails.
Your body sometimes deteriorates upon taking damage.
Your system is resistant to poisons. (rPois)
You occasionally shout uncontrollably at your foes.
Your spells are a little easier to cast, but a little less powerful.


Message History

You climb upwards.
A rust devil comes into view.
There is a stone staircase leading down here.
Search for what [Enter for "drag", or ? for help]? yiuf Can't find anything matching that.
No target in view!
The rust devil barely misses you.
You slice the rust devil!! You freeze the rust devil.
The rust devil is almost dead.
You hit the rust devil. You freeze the rust devil. You kick the rust devil.
The rust devil is almost dead.
You block the rust devil's attack.
You barely miss the rust devil. You kick the rust devil.
The rust devil is almost dead.
You block the rust devil's attack.
You barely miss the rust devil. You kick the rust devil.
You kill the rust devil!
Makhleb accepts your kill.
No target in view!
There is an open door here.
An Orb Guardian comes into view.
The Orb Guardian closely misses you.
You slice the Orb Guardian!! You freeze the Orb Guardian.
The Orb Guardian is heavily wounded.
You block the Orb Guardian's attack.
You cut the Orb Guardian into ribbons!!!
You freeze the Orb Guardian.
You kill the Orb Guardian!
Makhleb accepts your kill.
Your phantom mirror has recharged.
No target in view!
(D) Dungeon (T) Temple (L) Lair (A) Shoals (P) Snake Pit (M) Slime Pits (O) Orcish Mines (E) Elven Halls (V) Vaults (U) Depths (H) Hell (Z) Zot
Where to? (Enter - D:1 @ (x,y), ? - help)
There is a stone staircase leading up here.
You climb upwards.
There is a stone staircase leading down here.
There is a staircase leading out of the dungeon here.
You have escaped!

#...# #..........
##♣♣.♣♣####.###......
##♣..♣...♣♣...# #.#.##.
#§.♣♣..♣♣♣.°#.###......
#§♣♣♣⌠.⌠..♣∩#.....#.###
#♣§§⌠...⌠♣..##...[.....
#♣♣♣§§.8..⌠♣♣.##.#.....#
#..§§§.....⌠.♣.....###.#
#♣♣..8.@.8...♣..##.#.#.#
#♣.⌠.......⌠♣...#...)...
#.♣.§..8..⌠.♣♣..##...##.
#########.♣♣§§..⌠♣♣..........#.
#...§§○..♣♣§§§.⌠..♣§....#.#.##.
#.#######∩§♣♣§♣♣♣♣......###....
#.# ##§♣.♣♣..♣.##.#......## #.#
### ###.♣.♣♣####.#####..# #.#
##.## ###.# #.# #.##


There were no monsters in sight!

Vanquished Creatures
  the Royal Jelly (Slime:5)
  A dread lich (Zot:3)
  Mara (Shoals:4)
  2 ancient liches
  Tiamat (Zot:3)
  A juggernaut (Depths:4)
  A Killer Klown (Zot:5)
  2 curse toes (Zot:3)
  A bone dragon (Depths:4)
  A golden dragon (Depths:3)
  A Brimstone Fiend (Zot:5)
  2 hellephants (Depths:1)
  7 tentacled monstrosities
  12 Orb Guardians
  A walking frostbound tome (Depths:4)
  2 titans
  6 quicksilver dragons
  2 deep elf master archers (Elf:3)
  3 liches
  Polyphemus (Shoals:3)
  21 acid blobs
  4 death cobs
  An Executioner (Depths:1)
  5 sphinxes
  A tentacled starspawn (Abyss:3)
  Donald (Elf:3)
  13 azure jellies
  4 draconian monks
  A tengu reaver (Depths:4)
  5 storm dragons
  Kirke (Shoals:4)
  A nagaraja (WizLab)
  9 shadow dragons
  6 fire giants
  3 draconian knights
  9 rockslimes
  7 deep elf sorcerers
  3 ghost moths
  Aizul (Snake:1)
  3 iron dragons
  7 draconian scorchers
  13 frost giants
  Louise (Snake:4)
  A reaper (D:13)
  5 deep elf elementalists
  3 draconian stormcallers (Zot:3)
  5 draconian shifters
  6 quicksilver oozes (Slime:5)
  6 draconian annihilators
  The ghost of sirJeffrey23 the Fighter, a journeyman OgGl of Elyvilon (D:12)
  3 spriggan defenders
  9 very ugly things
  4 green draconians (Zot:3)
  7 stone giants
  2 demonspawn black suns (D:15)
  10 white draconians
  A lorocyproca (D:15)
  5 deep elf demonologists
  5 deep elf annihilators (Elf:3)
  10 red draconians
  4 spark wasps (Depths:4)
  6 purple draconians
  A minotaur (Gauntlet)
  11 black draconians
  5 yellow draconians (Zot:3)
  11 ettins
  9 merfolk impalers
  Josephine (D:11)
  2 merfolk javelineers (Shoals:4)
  A yaktaur captain (Depths:4)
  An entropy weaver (WizLab)
  Harold (Orc:1)
  10 fire dragons
  3 great orbs of eyes
  A ghost crab (Gauntlet)
  A salamander tyrant (Snake:4)
  6 ice dragons
  A hell beast (Zot:5)
  5 rakshasas
  6 spriggan air magi
  6 hydras
  2 ogre magi (Orc:2)
  6 anacondas
  6 catoblepae
  2 ironbound frosthearts (IceCv)
  4 alligator snapping turtles
  5 centaur warriors
  4 boulder beetles
  5 merfolk aquamancers
  15 two-headed ogres
  22 dancing weapons
  4 merfolk avatars
  4 tengu warriors
  10 death yaks
  9 naga warriors
  3 vampire magi
  A satyr (Shoals:4)
  7 deep troll shamans
  6 deep troll earth magi
  10 hell hogs
  7 naga sharpshooters
  A soul eater (Depths:3)
  8 spriggan berserkers
  3 sun demons
  11 deep elf knights
  2 orc high priests (Depths:3)
  6 shock serpents
  8 iron trolls
  5 salamander mystics
  Nergalle (Lair:2)
  A sixfirhy (Depths:3)
  A wretched star (Abyss:3)
  A fire crab (Shoals:2)
  A spark wasp zombie (Depths:3)
  4 hell knights
  A storm dragon skeleton (Depths:3)
  A sea snake (shapeshifter) (D:7)
  9 sea snakes
  3 skeletal warriors (D:15)
  23 deep trolls
  5 naga ritualists (Snake:3)
  9 deep elf archers
  2 glowing orange brains
  3 shadow demons (Depths:3)
  4 necromancers
  12 harpies
  A flayed ghost (Depths:4)
  5 wizards
  A lindwurm (Snake:4)
  A golden dragon skeleton (Depths:3)
  Pikel (D:5)
  18 ugly things
  30 deep elf pyromancers
  34 deep elf zephyrmancers
  4 fauns
  An orc sorcerer (D:15)
  9 mana vipers
  12 cyclopes
  4 oklob plants (Lair:5)
  2 worldbinders (WizLab)
  A salamander (shapeshifter) (Elf:2)
  5 shining eyes
  13 salamanders
  16 manticores
  43 black mambas
  5 molten gargoyles
  5 merfolk sirens
  8 water nymphs
  Joseph (D:10)
  16 moths of wrath
  2 orange demons
  2 torpor snails (Lair:2)
  8 guardian serpents
  A rust devil (D:2)
  An eye of devastation (Slime:4)
  2 smoke demons
  An apocalypse crab (Abyss:3)
  3 centaur skeletons (D:15)
  17 naga magi
  10 cane toads
  4 gargoyles
  2 rime drakes
  3 kobold demonologists
  2 unseen horrors
  5 komodo dragons
  Maggie (D:8)
  An efreet (Zot:5)
  3 tengu conjurers
  A spriggan skeleton (Depths:1)
  A red devil (Depths:3)
  23 merfolk
  15 polar bears
  13 trolls
  Grinder (D:5)
  5 hornets
  3 raiju (Abyss:3)
  12 snapping turtles
  10 blink frogs
  5 wind drakes
  A frost giant simulacrum (Depths:1)
  A dream sheep (shapeshifter) (Depths:1)
  2 dream sheep (Shoals:2)
  45 slime creatures
  2 air elementals (Elf:2)
  An ettin skeleton (Depths:1)
  3 ynoxinuls
  3 shadows (D:11)
  11 water elementals
  8 wyverns
  A vampire (D:10)
  3 spriggans (Depths:3)
  45 yaks
  4 wraiths
  A fire bat (Elf:2)
  4 fire elementals
  A hog (Shoals:3)
  3 basilisks
  2 chaos spawn (Depths:3)
  Grum (D:8)
  3 golden eyes (Slime:5)
  A vampire mosquito (D:11)
  2 wargs (Orc:2)
  A steam dragon (D:8)
  27 nagas
  4 large abominations
  A swamp worm (shapeshifter) (Depths:3)
  19 water moccasins
  2 acid dragons
  13 orc warriors
  A naga skeleton (Abyss:3)
  2 floating eyes
  2 sky beasts
  A glowing shapeshifter skeleton (Depths:1)
  24 ogres
  3 black bears
  27 wolves
  8 centaurs
  2 boggarts (Depths:3)
  2 phantoms
  7 kobold brigands
  12 bullfrogs
  3 gnoll sergeants
  A necrophage (D:6)
  A scorpion (D:4)
  9 wights (D:9)
  4 troll zombies (D:11)
  10 killer bees
  10 howler monkeys
  4 electric eels
  24 orc priests
  Crazy Yiuf (D:4)
  2 gnoll boudas
  4 iguanas
  2 jellies
  5 hounds
  Ijyb (D:3)
  11 orc wizards
  4 ogre zombies (D:11)
  26 gnolls
  2 adders (D:3)
  A shadow imp (D:4)
  5 white imps
  2 ufetubi
  A worm (D:6)
  3 dart slugs
  49 orcs
  5 bats
  3 endoplasms
  5 giant cockroaches
  4 hobgoblins
  4 jackals (D:1)
  7 quokkas
  3 ball pythons
  A frilled lizard (D:1)
  12 goblins
  A goblin skeleton (D:3)
  5 goblin zombies
  2 hobgoblin skeletons (D:11)
  3 hobgoblin zombies
  36 kobolds
  2 kobold zombies (D:3)
  6 orc skeletons
  16 orc zombies
  9 rats
  A rat zombie (D:3)
1610 creatures vanquished.

Vanquished Creatures (collateral kills)
  An ancient lich (Abyss:3)
  An orb of fire (Zot:3)
  Boris (Depths:4)
  A curse toe (Zot:3)
  A tentacled monstrosity (Depths:3)
  3 liches
  A walking frostbound tome (Depths:1)
  A deep elf blademaster (Elf:3)
  A deep elf master archer (Elf:3)
  An acid blob (Slime:5)
  A shadow dragon (Depths:4)
  2 sphinxes (WizLab)
  A fire giant (Depths:3)
  A frost giant (Depths:4)
  An iron dragon (Depths:4)
  2 nagarajas (WizLab)
  4 deep elf sorcerers (Elf:3)
  A draconian knight (Depths:4)
  A spriggan defender (Depths:2)
  3 demonspawn corrupters (WizLab)
  A very ugly thing (Depths:2)
  A quicksilver ooze (Slime:5)
  A green draconian (Zot:3)
  A deep elf demonologist (Elf:3)
  A purple draconian (Depths:4)
  2 yellow draconians (Depths:4)
  A white draconian (Zot:3)
  4 deep elf annihilators (Elf:3)
  A red draconian (Depths:4)
  A deep elf death mage (Elf:3)
  A fire dragon (Zot:3)
  A merfolk javelineer (Shoals:4)
  4 deep elf high priests
  A yaktaur captain (Depths:4)
  3 ice dragons
  An ogre mage (D:15)
  A spriggan air mage (Depths:1)
  3 catoblepae
  A merfolk aquamancer (Shoals:4)
  2 two-headed ogres (D:15)
  2 anacondas (Snake:4)
  A dancing weapon (Elf:3)
  2 death yaks (Lair:5)
  3 naga warriors (Snake:4)
  A deep troll shaman (Depths:3)
  A naga sharpshooter (Snake:4)
  A spriggan berserker (Depths:3)
  3 hell knights (Depths:1)
  A fire crab (Shoals:2)
  3 sea snakes (Shoals:4)
  2 iron trolls
  A salamander mystic (Depths:2)
  5 deep trolls
  3 wizards (WizLab)
  2 glowing orange brains
  3 lindwurms (Snake:4)
  A necromancer (Depths:3)
  A deep elf zephyrmancer (Elf:3)
  A mana viper (Snake:4)
  2 manticores
  5 ugly things
  A merfolk siren (Shoals:2)
  2 cyclopes (D:15)
  A moth of wrath (Zot:3)
  2 salamanders
  2 worldbinders (WizLab)
  An ice statue (IceCv)
  A black mamba (Lair:5)
  A gargoyle (Gauntlet)
  A naga mage (Snake:4)
  An eye of devastation (Slime:5)
  3 guardian serpents (Snake:4)
  A rust devil (Depths:3)
  A cane toad (Lair:2)
  A kobold demonologist (Depths:3)
  A rime drake (Lair:3)
  2 komodo dragons
  2 blink frogs (Lair:5)
  3 hornets
  A snapping turtle (Shoals:4)
  2 water elementals
  3 spriggans
  14 yaks
  A hog (Shoals:4)
  A basilisk (Lair:5)
  A naga (Snake:4)
  A water moccasin (Lair:5)
  An orc warrior (D:8)
  An ogre (D:15)
  4 wolves
  A killer bee (D:8)
  A howler monkey (D:8)
  2 electric eels (Lair:4)
  An orc wizard (D:8)
  An orc (D:8)
  A kobold (D:8)
169 creatures vanquished.

Vanquished Creatures (others)
  A deep elf knight (Elf:2)
  A deep elf archer (Elf:1)
  2 deep elf zephyrmancers
  A deep elf pyromancer (Elf:2)
  A water elemental (Elf:1)
  A fire bat (Elf:2)
  A hog (Shoals:4)
  A naga (Snake:3)
  An orc wizard (Orc:2)
  A kobold (D:8)
  An orc zombie (D:7)
  11 fungi
  47 plants
  2 starspawn tentacles (Abyss:3)
72 creatures vanquished.

Grand Total: 1851 creatures vanquished

Notes
Turn   | Place    | Note
-------+----------+-------------------------------------------
     0 | D:1      | Monkooky the Demonspawn Artificer began the quest for the
                  | Orb.
     0 | D:1      | Reached XP level 1. HP: 15/15 MP: 1/1
    20 | D:1      | Reached skill level 1 in Dodging
    20 | D:1      | Reached skill level 1 in Stealth
    93 | D:1      | Gained mutation: A meltable shield of frost defends you.
                  | (SH +4) [demonic ancestry]
    93 | D:1      | Reached XP level 2. HP: 6/22 MP: 2/2
   528 | D:1      | Found a faded altar of an unknown god.
   606 | D:1      | Gained mutation: You regenerate magic rapidly. [demonic
                  | ancestry]
   606 | D:1      | Reached XP level 3. HP: 24/28 MP: 3/3
  1047 | D:2      | Found a shimmering altar of Xom.
  1782 | D:3      | Reached skill level 1 in Ice Magic
  1785 | D:3      | Identified the +7 plate armour of Liruu {-Tele rF+ rCorr
                  | Stlth+}
  1878 | D:3      | Noticed Ijyb
  1885 | D:3      | Paralysed by Ijyb for 5 turns
  1936 | D:3      | Killed Ijyb
  1937 | D:3      | Reached skill level 1 in Staves
  1937 | D:3      | Gained mutation: When hurt, damage is shared between your
                  | health and your magic reserves. [demonic ancestry]
  1937 | D:3      | Reached XP level 4. HP: 35/35 MP: 4/4
  2138 | D:3      | Found a radiant altar of Vehumet.
  2767 | D:3      | Found an ancient bone altar of Kikubaaqudgha.
  2961 | D:4      | Reached XP level 5. HP: 18/41 MP: 2/5
  3103 | D:4      | Found a runed translucent door.
  3104 | D:4      | Noticed Crazy Yiuf
  3111 | D:4      | Killed Crazy Yiuf
  3386 | D:4      | Reached XP level 6. HP: 41/47 MP: 4/6
  3562 | D:5      | Entered Level 5 of the Dungeon
  3581 | D:5      | Reached skill level 5 in Staves
  3608 | D:5      | Found a shimmering blue altar of Sif Muna.
  3647 | D:5      | Noticed Pikel
  3652 | D:5      | Gained mutation: You have large cloven feet. [demonic
                  | ancestry]
  3652 | D:5      | Reached XP level 7. HP: 43/52 MP: 5/7
  3662 | D:5      | Killed Pikel
  3666 | D:5      | Gained mutation: You are partially covered in slimy green
                  | scales. (AC +2) [demonic ancestry]
  3666 | D:5      | Reached XP level 8. HP: 52/58 MP: 8/8
  3703 | D:5      | Noticed Grinder
  3712 | D:5      | Killed Grinder
  4413 | D:5      | Found a sacrificial altar of Ru.
  4768 | D:6      | Reached skill level 10 in Staves
  4791 | D:6      | Gained mutation: You are mostly covered in slimy green
                  | scales. (AC +3) [demonic ancestry]
  4791 | D:6      | Reached XP level 9. HP: 58/63 MP: 7/9
  4824 | D:6      | Learned a level 3 spell: Ozocubu's Armour
  4838 | D:6      | Found a hide-covered altar of Uskayaw.
  4960 | D:6      | Noticed a +0 hand axe
  4961 | D:6      | Noticed a +0 hand axe
  5058 | D:6      | Found a staircase to the Ecumenical Temple.
  5157 | Temple   | Entered the Ecumenical Temple
  5293 | Temple   | Became a worshipper of Makhleb the Destroyer
  5422 | D:6      | Found a snail-covered altar of Cheibriados.
  5558 | D:7      | Reached skill level 1 in Invocations
  5582 | D:7      | a shapeshifter changed into a sea snake
  5582 | D:7      | Noticed a sea snake (shapeshifter)
  5591 | D:7      | Killed a sea snake
  5592 | D:7      | Reached skill level 5 in Invocations
  5784 | D:7      | Reached skill level 6 in Invocations
  5893 | D:7      | Found a broken altar of Ashenzari.
  5900 | D:7      | Reached skill level 7 in Invocations
  5974 | D:7      | Reached * piety under Makhleb
  6112 | D:7      | Identified the +9 trident "Monkooky's Foe" {venom, Will+
                  | Int+2}
  6346 | D:7      | Reached skill level 8 in Invocations
  6513 | D:7      | Found a bloodstained altar of Trog.
  6793 | D:7      | Reached skill level 9 in Invocations
  6948 | D:8      | Noticed Grum
  6950 | D:8      | Reached skill level 10 in Invocations
  6953 | D:8      | Gained mutation: You have hoof-like feet. [demonic
                  | ancestry]
  6953 | D:8      | Reached XP level 10. HP: 70/70 MP: 17/17
  6970 | D:8      | Reached skill level 11 in Invocations
  6974 | D:8      | Killed Grum
  7023 | D:8      | Reached ** piety under Makhleb
  7110 | D:8      | Noticed Maggie
  7129 | D:8      | Killed Maggie
  7130 | D:8      | Reached skill level 12 in Invocations
  7446 | D:8      | Found Baonnef's Distillery.
  7452 | D:8      | Bought a potion of lignification for 42 gold pieces
  7452 | D:8      | Bought a potion of resistance for 140 gold pieces
  7452 | D:8      | Bought a potion of cancellation for 112 gold pieces
  7698 | D:9      | Found an ornate altar of the Wu Jian Council.
  7849 | D:9      | Found a staircase to the Lair.
  7863 | D:9      | Found an opulent altar of Gozag.
  8003 | D:9      | Reached skill level 13 in Invocations
  8023 | D:9      | Reached *** piety under Makhleb
  8136 | D:9      | Reached skill level 14 in Invocations
  8202 | D:9      | Noticed a deep elf pyromancer
  8202 | D:9      | Noticed a centaur warrior
  8202 | D:9      | Noticed a two-headed ogre
  8204 | D:9      | Killed a centaur warrior
  8205 | D:9      | Reached skill level 15 in Invocations
  8205 | D:9      | Killed a deep elf pyromancer
  8206 | D:9      | Gained mutation: You are completely covered in slimy green
                  | scales. (AC +4, rPois) [demonic ancestry]
  8206 | D:9      | Reached XP level 11. HP: 74/75 MP: 18/22
  8208 | D:9      | Killed a two-headed ogre
  8503 | D:9      | Reached skill level 16 in Invocations
  8610 | D:9      | Reached **** piety under Makhleb
  8726 | D:9      | Found a shimmering altar of Xom.
  8751 | D:9      | Found a shadowy altar of Dithmenos.
  8833 | D:9      | Found a sparkling altar of Nemelex Xobeh.
  9099 | D:10     | Entered Level 10 of the Dungeon
  9395 | D:10     | Noticed Joseph
  9404 | D:10     | Killed Joseph
 10427 | D:11     | Reached skill level 5 in Armour
 10481 | D:11     | Reached ***** piety under Makhleb
 10587 | D:11     | Noticed Josephine
 10601 | D:11     | Killed Josephine
 10754 | Lair:1   | Entered Level 1 of the Lair of Beasts
 11048 | Lair:1   | Identified the +4 mace "Tuimod" {flame, rN+ Str+3}
 11225 | Lair:1   | Reached skill level 5 in Fighting
 11490 | Lair:2   | Reached XP level 12. HP: 74/86 MP: 22/24
 11672 | Lair:2   | Reached skill level 5 in Evocations
 11695 | Lair:2   | Noticed a catoblepas
 11725 | Lair:2   | Killed a catoblepas
 12077 | Lair:2   | Noticed a catoblepas
 12087 | Lair:2   | Killed a catoblepas
 12257 | Lair:2   | Reached skill level 17 in Invocations
 12370 | Lair:2   | Found a staircase to the Shoals.
 12517 | Lair:2   | Noticed Nergalle
 12529 | Lair:2   | Killed Nergalle
 12875 | Lair:3   | Reached skill level 18 in Invocations
 12903 | Lair:3   | Found a staircase to the Snake Pit.
 13106 | Lair:3   | Found a frozen archway.
 13200 | IceCv    | Entered an ice cave
 13228 | IceCv    | Gained mutation: A meltable icy envelope protects you from
                  | harm. (AC +8) [demonic ancestry]
 13228 | IceCv    | Reached XP level 13. HP: 77/91 MP: 24/26
 13300 | IceCv    | Reached skill level 19 in Invocations
 14293 | IceCv    | Reached skill level 5 in Shields
 14821 | Lair:3   | Reached ****** piety under Makhleb
 16341 | Lair:5   | Entered Level 5 of the Lair of Beasts
 16351 | Lair:5   | Reached skill level 1 in Long Blades
 16448 | Lair:5   | Found a gate leading to a gauntlet.
 16493 | Gauntlet | Entered a Gauntlet
 16493 | Gauntlet | Found a transporter.
 16493 | Gauntlet | Found a transporter.
 16494 | Gauntlet | Found a transporter.
 16494 | Gauntlet | Found a transporter.
 16497 | Gauntlet | Found a transporter.
 16509 | Gauntlet | Found a transporter.
 16574 | Gauntlet | Found a transporter.
 16584 | Gauntlet | Found a transporter.
 16599 | Gauntlet | Found a transporter.
 16609 | Gauntlet | Found a transporter.
 16624 | Gauntlet | Found a transporter.
 16630 | Gauntlet | Found a transporter.
 16729 | Gauntlet | Reached XP level 14. HP: 82/98 MP: 27/27
 16799 | Gauntlet | Identified the +4 pair of boots of Dyspraxia {MP+9 Dex+2}
 16858 | Gauntlet | Identified the +0 pair of boots of Qophue {Harm rElec
                  | Str-5}
 16972 | Gauntlet | Identified the +9 storm dragon scales of Relativism {+Blink
                  | rElec Will+ Stlth+}
 17176 | Lair:5   | Identified the +1 chain mail of the Northern Lights {Str+4}
 17606 | Lair:5   | Reached skill level 10 in Evocations
 18215 | Lair:5   | Found a viscous altar of Jiyva.
 18227 | Lair:5   | Found a staircase to the Slime Pits.
 18758 | D:11     | Found a staircase to the Orcish Mines.
 19608 | D:12     | Found a runed translucent gate.
 19610 | D:12     | Found a runed translucent gate.
 19610 | D:12     | Found a runed translucent gate.
 19610 | D:12     | Noticed an acid blob
 19610 | D:12     | Noticed an azure jelly
 19610 | D:12     | Noticed an acid blob
 19611 | D:12     | Noticed an acid blob
 19612 | D:12     | Noticed an azure jelly
 19612 | D:12     | Noticed sirJeffrey23's ghost (journeyman OgGl)
 19612 | D:12     | Noticed an azure jelly
 19612 | D:12     | Noticed an azure jelly
 19612 | D:12     | Noticed an acid blob
 19612 | D:12     | Noticed a rockslime
 19613 | D:12     | Noticed an azure jelly
 19844 | D:12     | Found a viscous altar of Jiyva.
 20131 | D:13     | Reached skill level 10 in Shields
 20690 | D:14     | Gained mutation: A meltable icy envelope protects you from
                  | harm. (AC +8) [demonic ancestry]
 20690 | D:14     | Reached XP level 15. HP: 105/106 MP: 28/28
 20896 | D:14     | Found a gate to the Vaults.
 20978 | D:14     | Found an iron altar of Okawaru.
 21296 | D:15     | Entered Level 15 of the Dungeon
 21591 | D:15     | Identified Roxanne's Compilation of Transmutation
 21591 | D:15     | Noticed Roxanne
 21904 | D:15     | Reached skill level 20 in Invocations
 21932 | D:15     | Found a staircase to the Depths.
 22277 | Shoals:1 | Entered Level 1 of the Shoals
 23500 | Shoals:2 | Reached skill level 21 in Invocations
 24290 | Shoals:2 | Reached XP level 16. HP: 118/119 MP: 30/30
 24476 | Shoals:3 | Noticed Polyphemus
 24488 | Shoals:3 | Reached skill level 5 in Long Blades
 24493 | Shoals:3 | Killed Polyphemus
 25140 | Shoals:3 | Found Bocwog's Antique Weapon Shoppe.
 25643 | Shoals:4 | Entered Level 4 of the Shoals
 25970 | Shoals:4 | Identified the +1 helmet of Nilewnitifi {rC+ Int+5}
 26385 | Shoals:4 | Noticed Mara
 26685 | Shoals:4 | Reached skill level 10 in Long Blades
 26797 | Shoals:4 | Got a barnacled rune of Zot
 26821 | Shoals:4 | Noticed Kirke
 26836 | Shoals:4 | Killed Kirke
 27030 | Shoals:4 | Noticed Monkooky's illusion
 27154 | Shoals:4 | Killed Mara
 28106 | Snake:1  | Entered Level 1 of the Snake Pit
 28322 | Snake:1  | Reached XP level 17. HP: 122/124 MP: 31/31
 28500 | Snake:1  | Noticed Aizul
 28518 | Snake:1  | Killed Aizul
 29017 | Snake:1  | You fall into a shaft and drop 1 floor!
 29491 | Snake:2  | Found Qavey's Magic Scroll Boutique.
 29518 | Snake:2  | Bought a scroll of blinking for 127 gold pieces
 29923 | Snake:2  | You fall into a shaft and drop 1 floor!
 31064 | Snake:3  | Reached skill level 10 in Fighting
 31889 | Snake:4  | Entered Level 4 of the Snake Pit
 31958 | Snake:4  | Noticed Louise
 31963 | Snake:4  | Killed Louise
 32217 | Snake:4  | Found Kevvuila's Magic Scroll Shop.
 32220 | Snake:4  | Bought a scroll of acquirement for 780 gold pieces
 32220 | Snake:4  | Acquired the amulet of Naiseuqu {Reflect Int+4 Dex+3 SH+5}
 32365 | Snake:4  | Found Tiughia's Armour Boutique.
 32700 | Snake:4  | Gained mutation: When low on magic, you restore magic in
                  | place of health. [demonic ancestry]
 32700 | Snake:4  | Reached XP level 18. HP: 85/141 MP: 32/32
 32742 | Snake:4  | Got a serpentine rune of Zot
 33221 | Orc:1    | Entered Level 1 of the Orcish Mines
 33239 | Orc:1    | Found Dotuqela's Jewellery Shoppe.
 33373 | Orc:2    | Entered Level 2 of the Orcish Mines
 33373 | Orc:2    | Found Sefuzxip's General Store.
 33373 | Orc:2    | Found Urphegekh's General Store.
 33496 | Orc:2    | Found Yclaoq's Weapon Boutique.
 33505 | Orc:2    | Found Juot Bur's Weapon Shoppe.
 33546 | Orc:2    | Found a staircase to the Elven Halls.
 33648 | Orc:2    | Found Zapnuero's Distillery.
 34233 | Orc:1    | Noticed Harold
 34248 | Orc:1    | Killed Harold
 34438 | Elf:1    | Entered Level 1 of the Elven Halls
 34595 | Elf:1    | Found a magical portal.
 34822 | WizLab   | Entered Alistair's Party Mansion
 34972 | WizLab   | Reached skill level 10 in Armour
 34991 | WizLab   | Reached skill level 5 in Dodging
 35527 | Elf:1    | Reached XP level 19. HP: 150/150 MP: 33/33
 35657 | Elf:1    | Got Rehoem's Secrets of Supportive Battle Magic
 35726 | Elf:1    | Acquired the +1 pair of gloves "Hulyralu" {Regen+}
 35727 | Elf:1    | Acquired a manual of Invocations
 36033 | Elf:2    | Reached skill level 22 in Invocations
 36219 | Elf:2    | Reached skill level 23 in Invocations
 36441 | Elf:2    | Found a runed translucent gate.
 36442 | Elf:2    | Found a runed translucent gate.
 36442 | Elf:2    | Found a runed translucent gate.
 36547 | Elf:2    | Identified the +1 flail "Tioty" {freeze, Int+4}
 36763 | Elf:3    | Entered Level 3 of the Elven Halls
 36772 | Elf:3    | Reached skill level 24 in Invocations
 36885 | Elf:3    | Noticed Donald
 36910 | Elf:3    | Killed Donald
 36919 | Elf:3    | Found Pozxuaf's Antique Armour Emporium.
 37058 | Elf:3    | Identified the +10 short sword "Doezaigub" {antimagic,
                  | *Slow rPois Str+5}
 37348 | Elf:3    | Reached skill level 25 in Invocations
 37350 | Abyss:2  | Cast into level 2 of the Abyss (a deep elf demonologist)
 37361 | Abyss:2  | Found a blossoming altar of Fedhas.
 37369 | Abyss:3  | Found a blossoming altar of Fedhas.
 37548 | Abyss:3  | Noticed an ancient lich
 37564 | Abyss:3  | Killed an ancient lich
 37581 | Elf:3    | Escaped the Abyss
 37615 | Elf:3    | Identified the +11 battleaxe of Impermanence {elec, rC+
                  | Will- Dex+3}
 37848 | Elf:3    | Found the +11 Singing Sword {sonic wave}
 37916 | Elf:3    | Identified the +7 long sword of Death's Door {protect,
                  | Will+}
 37933 | Elf:3    | Identified the +9 battleaxe of the Forsaken Artisans
                  | {freeze, Fly}
 37935 | Elf:3    | Identified the +9 halberd of Fegokeip {vamp, rCorr Int+4
                  | Dex-2}
 38088 | Elf:3    | Got the Precepts of Abominable Ceremonies and the Voyage
 38096 | Elf:3    | Reached XP level 20. HP: 157/157 MP: 36/36
 38805 | Slime:1  | Entered Level 1 of the Pits of Slime
 38912 | Slime:3  | Reached skill level 15 in Long Blades
 38919 | Slime:3  | Gained mutation: Your presence sometimes corrodes those you
                  | injure. [demonic ancestry]
 38919 | Slime:3  | Reached XP level 21. HP: 163/163 MP: 37/37
 39171 | Slime:5  | Entered Level 5 of the Pits of Slime
 39178 | Slime:5  | Gained mutation: You do not regenerate when monsters are
                  | visible. [a shining eye]
 39179 | Slime:5  | Gained mutation: You are dopey. (Int -2) [a shining eye]
 39181 | Slime:5  | Gained mutation: Armour fits poorly on your strangely
                  | shaped body. [a shining eye]
 39244 | Slime:4  | Lost mutation: Armour fits poorly on your strangely shaped
                  | body. [potion of mutation]
 39244 | Slime:4  | Lost mutation: You do not regenerate when monsters are
                  | visible. [potion of mutation]
 39244 | Slime:4  | Gained mutation: Your flesh is cold resistant. (rC+)
                  | [potion of mutation]
 39244 | Slime:4  | Gained mutation: You are frail. (-10% HP) [potion of
                  | mutation]
 39338 | Slime:5  | Noticed the Royal Jelly
 39349 | Slime:5  | Gained mutation: Your magical capacity is low. (-10% MP) [a
                  | shining eye]
 39351 | Slime:5  | Gained mutation: You are weak. (Str -2) [a shining eye]
 39352 | Slime:5  | Gained mutation: You are very frail. (-20% HP) [a shining
                  | eye]
 39357 | Slime:5  | Killed the Royal Jelly
 39381 | Slime:5  | HP: 4/130 [acid blob/splash of acid (18)]
 39546 | Slime:5  | Found the amulet of the Four Winds {rN+ Will+++ Clar}
 39633 | Slime:5  | Got a slimy rune of Zot
 39634 | Slime:5  | Identified the amulet of Dawn {Spirit +Blink}
 39690 | Slime:5  | Upgraded the game from 0.30-a0-605-gb2882149bf to
                  | 0.30-a0-613-gdd512c7efb
 40035 | Depths:1 | Entered Level 1 of the Depths
 40567 | D:15     | Lost mutation: You are very frail. (-20% HP) [potion of
                  | mutation]
 40567 | D:15     | Lost mutation: Your magical capacity is low. (-10% MP)
                  | [potion of mutation]
 40567 | D:15     | Gained mutation: Your magical capacity is low. (-10% MP)
                  | [potion of mutation]
 40567 | D:15     | Gained mutation: Your magical capacity is very low. (-20%
                  | MP) [potion of mutation]
 40567 | D:15     | Gained mutation: Your system is resistant to poisons.
                  | (rPois) [potion of mutation]
 40568 | D:15     | Lost mutation: You are frail. (-10% HP) [potion of
                  | mutation]
 40568 | D:15     | Lost mutation: Your flesh is cold resistant. (rC+) [potion
                  | of mutation]
 40568 | D:15     | Lost mutation: Your magical capacity is very low. (-20% MP)
                  | [potion of mutation]
 40568 | D:15     | Gained mutation: You have a pair of small horns on your
                  | head. [potion of mutation]
 40568 | D:15     | Gained mutation: You are clumsy. (Dex -2) [potion of
                  | mutation]
 40701 | Orc:2    | Bought 2 potions of mutation for 240 gold pieces
 40701 | Orc:2    | Bought a scroll of teleportation for 45 gold pieces
 40729 | Orc:2    | Bought a potion of resistance for 110 gold pieces
 40729 | Orc:2    | Bought a potion of mutation for 88 gold pieces
 40729 | Orc:2    | Bought a potion of resistance for 110 gold pieces
 40729 | Orc:2    | Bought a potion of mutation for 88 gold pieces
 40729 | Orc:2    | Lost mutation: You are dopey. (Int -2) [potion of mutation]
 40729 | Orc:2    | Lost mutation: You are clumsy. (Dex -2) [potion of
                  | mutation]
 40729 | Orc:2    | Gained mutation: Your mind is acute. (Int +4, Str/Dex -1)
                  | [potion of mutation]
 40729 | Orc:2    | Lost mutation: Your mind is acute. (Int +4, Str/Dex -1)
                  | [potion of mutation]
 40729 | Orc:2    | Lost mutation: You are weak. (Str -2) [potion of mutation]
 41034 | Slime:5  | Lost mutation: You have a pair of small horns on your head.
                  | [potion of mutation]
 41034 | Slime:5  | Lost mutation: Your magical capacity is low. (-10% MP)
                  | [potion of mutation]
 41034 | Slime:5  | Lost mutation: Your system is resistant to poisons. (rPois)
                  | [potion of mutation]
 41034 | Slime:5  | Gained mutation: Your body sometimes deteriorates upon
                  | taking damage. [potion of mutation]
 41034 | Slime:5  | Gained mutation: Your system is resistant to poisons.
                  | (rPois) [potion of mutation]
 41034 | Slime:5  | Gained mutation: You have sharp fingernails. [potion of
                  | mutation]
 41100 | Slime:1  | Gained mutation: Your spells are a little easier to cast,
                  | but a little less powerful. [a shining eye]
 41578 | Depths:1 | Identified the +1 helmet of the Spheres {Harm rC+ Str-3}
 41584 | Depths:1 | Identified the +7 hand axe "Xiatziusche" {freeze, Dex+3}
 41602 | Depths:1 | Got the Commentary on Guile
 41825 | Depths:1 | Found a gateway to Hell.
 41951 | Depths:1 | Found a one-way gate to the infinite horrors of the Abyss.
 42070 | D:12     | Reached skill level 10 in Dodging
 42075 | D:12     | Killed sirJeffrey23's ghost
 42076 | D:12     | Reached XP level 22. HP: 159/170 MP: 31/38
 42118 | D:12     | Identified the ring "Foifod" {+Blink rPois Str+6 Int-4}
 42128 | D:12     | Learned a level 3 spell: Swiftness
 42131 | D:12     | Learned a level 2 spell: Passwall
 42493 | Depths:1 | Identified the +5 hand axe "Beastbane" {distort, Fragile
                  | Fly Str+8 Dex+4}
 42794 | Depths:2 | Found a one-way gate leading to the halls of Pandemonium.
 43210 | Depths:2 | Identified the +6 scale mail of Courage {rN++ Will++}
 43541 | Depths:3 | Acquired the +10 double sword "Iprofrau" {freeze, Int+4
                  | Dex+2}
 43756 | Depths:3 | Found a one-way gateway to a ziggurat.
 43865 | Depths:3 | Found a shimmering blue altar of Sif Muna.
 43988 | Depths:3 | Got Sif Muna's Opusculum on Phantasms
 44061 | Depths:3 | Found Kirghiatt's Assorted Antiques.
 44245 | Depths:3 | Noticed a golden dragon
 44261 | Depths:3 | Identified the ring of Dafuech {rF+ rN+ Will- Str+6 Dex+4}
 44436 | Depths:3 | Killed a golden dragon
 44830 | Depths:4 | Entered Level 4 of the Depths
 44840 | Depths:4 | Noticed Boris
 44950 | Depths:4 | Killed Boris
 45005 | Depths:4 | Reached XP level 23. HP: 179/179 MP: 39/39
 45240 | Depths:4 | Found a gate to the Realm of Zot.
 45402 | Depths:4 | Noticed a juggernaut
 45412 | Depths:4 | Killed a juggernaut
 45423 | Depths:4 | Reached skill level 15 in Fighting
 45618 | Depths:4 | Found a transporter.
 45622 | Depths:4 | Noticed a juggernaut
 45623 | Depths:4 | Noticed Plog's ghost (adept DgCj)
 45624 | Depths:4 | Found a bloodstained altar of Trog.
 45631 | Depths:4 | Found a transporter.
 45632 | Depths:4 | Noticed a juggernaut
 46241 | Snake:4  | Bought a scroll of fog for 60 gold pieces
 46241 | Snake:4  | Bought a scroll of teleportation for 45 gold pieces
 46241 | Snake:4  | Bought a scroll of poison for 60 gold pieces
 46241 | Snake:4  | Bought a scroll of fear for 60 gold pieces
 46429 | D:8      | Bought a potion of flight for 42 gold pieces
 46429 | D:8      | Bought a potion of brilliance for 56 gold pieces
 46429 | D:8      | Bought 2 potions of mutation for 224 gold pieces
 46615 | Depths:3 | Bought a scroll of teleportation for 75 gold pieces
 46615 | Depths:3 | Bought a potion of heal wounds for 125 gold pieces
 46710 | Zot:1    | Entered Level 1 of the Realm of Zot
 46854 | Zot:3    | Noticed a curse toe
 46863 | Zot:3    | Killed a curse toe
 46914 | Zot:3    | Found the +4 dragonskin cloak
 46914 | Zot:3    | Noticed Tiamat
 47196 | Zot:3    | Killed Tiamat
 47330 | Zot:3    | Noticed an orb of fire
 47335 | Zot:3    | Gained mutation: You occasionally shout uncontrollably at
                  | your foes. [an orb of fire]
 47341 | Zot:3    | Noticed a curse toe
 47352 | Zot:3    | Killed an orb of fire
 47368 | Zot:3    | Killed a curse toe
 47441 | Zot:3    | Noticed a dread lich
 47445 | Zot:3    | Noticed an ancient lich
 47454 | Zot:3    | Killed a dread lich
 47483 | Zot:3    | Killed an ancient lich
 47541 | Zot:3    | Identified the +4 pair of boots of Kleptomania {rC- Will+++
                  | SInv Stlth-}
 47628 | Zot:3    | Reached skill level 15 in Dodging
 47628 | Zot:3    | Gained mutation: You have hooves in place of feet. [demonic
                  | ancestry]
 47628 | Zot:3    | Reached XP level 24. HP: 193/193 MP: 39/39
 48155 | Zot:3    | Reached skill level 15 in Shields
 48815 | Zot:4    | Acquired 1328 gold pieces
 48855 | Zot:5    | Entered Level 5 of the Realm of Zot
 48994 | Zot:5    | Reached skill level 15 in Armour
 49421 | Zot:5    | Noticed an ancient lich
 49438 | Zot:5    | Killed an ancient lich
 49564 | Zot:5    | Noticed a dread lich
 49574 | Zot:5    | Noticed an ancient lich
 49577 | Zot:5    | Noticed an orb of fire
 49578 | Zot:5    | Noticed an ancient lich
 49583 | Zot:5    | Noticed a Killer Klown
 49584 | Zot:5    | Noticed a Killer Klown
 49603 | Zot:5    | Got the Orb of Zot
 49608 | Zot:5    | Noticed a Killer Klown
 49608 | Zot:5    | Noticed an orb of fire
 49610 | Zot:5    | Noticed a dread lich
 49610 | Zot:5    | Noticed an ancient lich
 49610 | Zot:5    | Noticed an orb of fire
 49655 | Zot:5    | Killed a Killer Klown
 50319 | D:$      | Escaped with the Orb!

Illustrated notes

Levels and vault maps discovered:
D:1:      heliophobic_arrival_enchanted_forest, layout_loops_ring,
          chequers_ecumenical_altar_lobes, minmay_pentomino_u4
D:2:      layout_basic, serial_forest, infiniplex_forest_end_1,
          infiniplex_forest_lined_room_, infiniplex_forest_clump_medium,
          infiniplex_forest_clump_medium, infiniplex_forest_straight_2,
          infiniplex_forest_straight_3, infiniplex_forest_corner_1, basic_altar
D:3:      layout_basic, lemuel_zombie_altar_kikubaaqudgha,
          vehumet_altar_wand_db, nicolae_tso_besieged_by_evil,
          amcnicky_mini_corridor_feature, minmay_door_square, kennysheep_path_1,
          uniq_ijyb
D:4:      layout_gridville, zin_statuary, serial_bayou_pond_b,
          uniq_crazy_yiuf_cottage
D:5:      layout_rooms, nicolae_ru_path_of_blood, lemuel_crystal_altar,
          hangedman_decor_slide_cut, uniq_pikel, uniq_grinder
D:6:      layout_gridville, dancing_weapons_uskayaw, slow_altar_2,
          temple_hall_moat
D:7:      layout_basic, marbit_many_paths, grunt_temple_overflow_open
D:8:      layout_cave_pools, serial_shops, nicolae_shop_trees, hex_tiny,
          uniq_maggie, uniq_grum
D:9:      wad_guarded_room, layout_loops_ring,
          mainiacjoe_overflow_cross_hatched, nzn_wu_jian_council_hall,
          kennysheep_mini_moat, lemuel_doored_altar,
          mainiacjoe_overflow_alcove_1, nicolae_eternal_life, minivault_25
D:10:     layout_irregular_city, kennysheep_nondescript, lightli_orcish_oven,
          uniq_joseph
D:11:     layout_stronghold, zombieorc2_lemuel, serial_bayou_pond_b,
          uniq_josephine
D:12:     layout_loops_cross, gammafunk_ghost_ooze,
          hangedman_abyss_or_decor_jellyfish_corner
D:13:     layout_rooms, chequers_arboretum
D:14:     layout_roguey, david_vaults_1, kennysheep_okawaru_gauntlet
D:15:     grunt_enter_depths_magical_seal, layout_cave_pools, moated_statue,
          uniq_roxanne
Temple:   nicolae_temple_superstar
Lair:1:   layout_roguey
Lair:2:   beast_lair_carwin_large_3, layout_gridlike,
          nicolae_shoals_entry_roost, pdpol_lair_cavern_descent, uniq_nergalle
Lair:3:   layout_loops_ring, minmay_snake_entry_spellcaster,
          portal_ice_cave_rime, cheibrodos_lair_caveside_slide,
          beast_lair_carwin_7, grunt_megastairs_3
Lair:4:   layout_small_grid, chequers_serial_rivers_small_3,
          serial_bayou_shore_a, infiniplex_staircase_pool_2
Lair:5:   evilmike_catoblepas_cave, layout_small_grid,
          minmay_slime_entry_oklob_enclosed, gauntlet_entry_generic,
          serial_bayou_shore_b
Shoals:1: layout_shoals
Shoals:2: layout_shoals, hangedman_shoal_volcano
Shoals:3: layout_shoals, serial_shops, nicolae_shop_hallway_plus,
          uniq_polyphemus
Shoals:4: shoals_end_simple, layout_shoals, uniq_kirke, uniq_mara
Snake:1:  layout_chambers, uniq_aizul
Snake:2:  layout_cave_shapes, serial_shops, nicolae_shop_hallway_plus,
          hangedman_venom_bottle
Snake:3:  layout_layer_cave, grunt_megastairs_2
Snake:4:  snake_pit_salamanders_mu, layout_cave_town, serial_shops, shop,
          nicolae_shop_hallway_stairs, serial_bayou_pond_d, uniq_louise
Slime:1:  layout_caves
Slime:2:  layout_caves
Slime:3:  layout_caves
Slime:4:  layout_caves, basic_altar
Slime:5
Orc:1:    layout_caves, minmay_shop_enchanted_jewellery, uniq_harold
Orc:2:    st_orc_open, layout_caves, basic_altar, serial_shops, shop_statue,
          nicolae_orc_pool_cavern
Elf:1:    minmay_elf_arrival_summoners, layout_geoelf_octagon,
          lightli_enter_wizlab_magi_temple, minmay_elf_sorcery, minivault_28
Elf:2:    nicolae_elf_blades_crystal_corner, layout_loops_corners, minivault_8
Elf:3:    minmay_elf_hall_furrowed, layout_onion_city, serial_shops,
          nicolae_shop_trees, uniq_donald
Depths:1: nicolae_legendary_halls, layout_cross, elyvilon_altar_3, abyss_entry,
          grunt_hell_horde, drop_trap, minmay_hollow_rounded_squares,
          serial_bayou_shore_b
Depths:2: kennysheep_ambush_hall, layout_cave_pools, hell_entry,
          bh_walls_and_bars, pan_entry, minmay_staircase_bubble
Depths:3: minmay_concentric_multi, layout_cave_shapes, enter_ziggurat_f,
          abyss_entry_glasseish, grunt_pan_entry_zigzag, serial_shops,
          shop_fountains, hell_entry, chequers_serial_rivers_micro_a,
          hangedman_summoners_spam
Depths:4: grunt_zot_entry_gee_three, layout_cave_pools, hangedman_geh_valley,
          lemuel_statue_altar, gammafunk_ghost_wrathful_warriors, uniq_boris
Zot:1:    layout_gridlike, grunt_megastairs_1
Zot:2:    circus_mu, layout_basic
Zot:3:    hangedman_zot_vaults_quadrants, layout_cathedral_of_symmetry,
          uniq_tiamat
Zot:4:    hangedman_snap_crack_crunch, layout_cathedral_of_symmetry, drop_trap
Zot:5:    layout_gridlike

Skill      XL: |  1  2  3  4  5  6  7  8  9 10 11 12 13 14 15 16 17 18 19 20 21 22 23 24 |
---------------+-------------------------------------------------------------------------+-----
Dodging        | 1 6 10 13 15 16 | 16.1
Stealth        | 1 |  1.0
Fighting       | 2 3 5 6 8 12 13 14 16 17 | 17.6
Ice Magic      | 1 |  1.4
Staves         | 1 2 4 5 7 10 | 10.4
Invocations    | 10 15 16 18 19 21 25 | 25.1
Armour         | 7 11 12 13 14 15 | 15.3
Evocations     | 8 11 13 | 13.5
Shields        | 8 10 13 14 15 | 15.4
Long Blades    | 4 11 14 15 16 | 16.7

Action                   |  1- 3 |  4- 6 |  7- 9 | 10-12 | 13-15 | 16-18 | 19-21 | 22-24 || total
-------------------------+-------+-------+-------+-------+-------+-------+-------+-------++-------
Melee: Dagger            |   161 |       |       |       |       |       |       |       ||   161
       Club              |     9 |       |       |       |       |       |       |       ||     9
       Staff             |    92 |   126 |       |       |    13 |       |       |       ||   231
       Punch             |     2 |     4 |       |       |       |       |       |       ||     6
       Quarterstaff      |       |    49 |   249 |   434 |    49 |       |       |       ||   781
       Demon blade       |       |       |       |       |     2 |  1144 |   600 |   230 ||  1976
       Double sword      |       |       |       |       |       |       |   340 |  1187 ||  1527
       Kick              |       |       |       |       |       |       |       |   232 ||   232
Throw: Throwing net      |       |       |       |       |       |       |       |     1 ||     1
Invok: Minor Destruction |       |       |       |   309 |  1337 |   596 |    63 |     7 ||  2312
       Major Destruction |       |       |       |    14 |    30 |    32 |    11 |    12 ||    99
       Lesser Servant of |       |       |       |     8 |    14 |     9 |     1 |       ||    32
       Greater Servant o |       |       |       |     1 |     3 |     6 |    10 |    16 ||    36
 Abil: Evoke Blink       |       |       |       |       |       |     5 |       |     5 ||    10
Evoke: Wand              |     6 |     6 |    10 |     4 |    20 |    19 |     1 |    13 ||    79
       Box of beasts     |       |       |       |     1 |     2 |       |       |     4 ||     7
       Phantom mirror    |       |       |       |       |       |     1 |       |     1 ||     2
       Condenser vane    |       |       |       |       |       |     1 |     4 |     6 ||    11
       Phial of floods   |       |       |       |       |       |       |       |     2 ||     2
  Use: Scroll            |       |       |    11 |     4 |    12 |    13 |     8 |    27 ||    75
       Potion            |       |       |       |     2 |       |       |    12 |    17 ||    31
 Stab: Sleeping          |     3 |       |       |       |       |       |       |       ||     3
       Confused          |       |       |     2 |       |       |     1 |       |       ||     3
       Petrifying        |       |       |     1 |       |       |       |       |       ||     1
       Paralysed         |       |       |       |     1 |       |       |       |       ||     1
       Distracted        |       |       |       |     2 |       |     3 |     4 |     7 ||    16
       Petrified         |       |       |       |     2 |       |       |       |       ||     2
       Held in net/web   |       |       |       |       |       |     1 |       |       ||     1
Armor: Leather armour    |    62 |       |       |       |       |       |       |       ||    62
       Plate armour      |    45 |   137 |   160 |   409 |   222 |       |       |       ||   973
       Storm dragon scal |       |       |       |       |   358 |   627 |   538 |   683 ||  2206
       Skin              |       |       |       |       |       |     1 |       |       ||     1
Dodge: Dodged            |   105 |    23 |    31 |   246 |   274 |   417 |   304 |   751 ||  2151
Block: Other             |    42 |    26 |    38 |    94 |    15 |       |       |       ||   215
       Kite shield       |       |       |       |       |   711 |  1450 |   933 |  1331 ||  4425
       Tower shield      |       |       |       |       |    55 |       |       |       ||    55
       Reflection        |       |       |       |       |       |    79 |    63 |       ||   142

Table legend: (Time is in decaauts)
 A = Elapsed time spent in this place.
 B = Non-inter-level travel time spent in this place.
 C = Inter-level travel time spent in this place.
 D = Time resting spent in this place.
 E = Time spent auto-exploring this place.
 F = Levels seen in this place.
 G = Mean time per level.
                   A        B        C        D        E       F      G
               +--------+--------+--------+--------+--------+-----+--------+
         Total |  49770 |  44301 |   5469 |   4863 |  27191 |  53 |  939.1 |
       Dungeon |  16285 |  14035 |   2250 |    890 |  10198 |  15 | 1085.7 |
        Temple |    149 |    114 |     35 |      0 |    106 |   1 |  149.0 |
          Lair |   6849 |   5717 |   1132 |    578 |   3951 |   5 | 1369.8 |
        Shoals |   6341 |   5811 |    530 |   1212 |   3069 |   4 | 1585.2 |
     Snake Pit |   4797 |   4305 |    492 |    495 |   2722 |   4 | 1199.2 |
    Slime Pits |   1077 |    890 |    187 |    355 |     33 |   5 |  215.4 |
  Orcish Mines |   1300 |   1053 |    247 |      0 |    828 |   2 |  650.0 |
   Elven Halls |   3039 |   2870 |    169 |     77 |   1780 |   3 | 1013.0 |
        Depths |   4366 |   3958 |    408 |    236 |   2385 |   4 | 1091.5 |
           Zot |   2900 |   2885 |     15 |    351 |   1328 |   5 |  580.0 |
         Abyss |    214 |    214 |      0 |      6 |      0 |   2 |  107.0 |
      Ice Cave |   1355 |   1355 |      0 |    409 |    534 |   1 | 1355.0 |
        Wizlab |    569 |    569 |      0 |    147 |     39 |   1 |  569.0 |
      Gauntlet |    522 |    522 |      0 |    107 |    216 |   1 |  522.0 |
               +--------+--------+--------+--------+--------+-----+--------+

Top non-repeatable levels by time:
Shoals:4: 2072 daAuts
 Snake:3: 1925 daAuts
  Lair:5: 1833 daAuts
   Zot:3: 1726 daAuts
Shoals:3: 1680 daAuts
     D:9: 1632 daAuts
    D:15: 1609 daAuts
Depths:3: 1546 daAuts
  Lair:2: 1522 daAuts
    D:10: 1457 daAuts
  Lair:3: 1429 daAuts
     D:7: 1422 daAuts
Shoals:2: 1414 daAuts
   IceCv: 1355 daAuts
   Elf:3: 1340 daAuts
